 Dungeon Crawl Stone Soup version 0.27.1-1-g398f81649c (webtiles) character file.

Game seed: 4863589452279761903

208 pkoi the Ruffian (level 5, 0/50 HPs)
             Began as a Troll Monk on Sept 5, 2021.
             Slain by a gnoll (8 damage)
             ... on level 3 of the Dungeon on Sept 6, 2021.
             The game lasted 00:03:04 (1414 turns).

pkoi the Ruffian (Troll Monk)                       Turns: 1414, Time: 00:03:05

Health: 0/50       AC:  4    Str: 20    XL:     5   Next: 55%
Magic:  4/4        EV: 10    Int:  6    God:
Gold:   136        SH:  0    Dex: 12    Spells: 4/4 levels left

rFire    . . .     SeeInvis .     - Unarmed
rCold    . . .     Faith    .   (no shield)
rNeg     . . .     Spirit   .   a - +0 robe
rPois    .         Reflect  .   (helmet restricted)
rElec    .         Harm     .   (no cloak)
rCorr    .         Rampage  .   (gloves unavailable)
Will     +....                  (boots unavailable)
Stlth    ++........             (no amulet)
HPRegen  1.16/turn              f - ring of willpower
MPRegen  0.09/turn              (no ring)

@: no status effects
A: large, unfitting armour, claws 3, regeneration 1, shaggy fur 1, tough skin 1
a: no special abilities


You were on level 3 of the Dungeon.
You visited 1 branch of the dungeon, and saw 3 of its levels.

You collected 136 gold pieces.

Inventory:

Armour
 a - a +0 robe (worn)
Jewellery
 f - a ring of willpower (left claw)
Potions
 b - a potion of magic {unknown}
 c - a potion of curing {unknown}
 d - a potion of flight {unknown}
 g - a potion of ambrosia {unknown}
 h - a potion of attraction {unknown}


   Skills:
 + Level 2.4 Fighting
 + Level 2.4 Dodging
 - Level 1.0 Stealth
 * Level 6.2 Unarmed Combat


You had 4 spell levels left.
You didn't know any spells.
Your spell library contained the following spells:

 Spells                   Type           Power      Damage    Failure   Level
 Beastly Appendage        Tmut           0%         N/A       45%         1
 Magic Dart               Conj           0%         1d3       45%         1
 Passwall                 Tmut/Erth      0%         N/A       58%         2
 Searing Ray              Conj           0%         3d3       58%         2
 Sublimation of Blood     Necr           0%         N/A       58%         2
 Wereblood                Tmut           0%         N/A       58%         2
 Spider Form              Tmut/Pois      0%         N/A       83%         3
 Swiftness                Air            0%         N/A       83%         3
 Fulminant Prism          Conj/Hex       0%         3d6       99%         4
 Petrify                  Tmut/Erth      0%         N/A       99%         4
 Irradiate                Conj/Tmut      0%         3d14      100%        5
 Invisibility             Hex            0%         N/A       100%        6


Dungeon Overview and Level Annotations

Branches:
Dungeon (3/15)

Altars:


Innate Abilities, Weirdness & Mutations

You are too large for most types of armour.
You have claws for hands.
Your natural rate of healing is unusually fast.
You are covered in fur. (AC +1)
You have tough skin. (AC +1)


Message History

You closely miss the goblin. The gnoll closely misses you.
The goblin hits you with a +0 club.
You closely miss the goblin. The gnoll closely misses you.
The gnoll barely misses you.
Unknown command.
You barely miss the goblin. The goblin misses you.
The gnoll hits you with a +0 club.
The gnoll hits you from afar with a +0 halberd!
* * * LOW HITPOINT WARNING * * *
You scratch the goblin.
You kill the goblin!
The gnoll hits you with a +0 club.
* * * LOW HITPOINT WARNING * * *
The gnoll barely misses you. The gnoll completely misses you.
The gnoll barely misses you.
Things that are here:
a +0 club; a goblin corpse Unknown command.
You claw the gnoll!
The gnoll is severely wounded.
The bat completely misses you. The gnoll barely misses you.
The gnoll closely misses you.
You scratch the gnoll.
You kill the gnoll!
The bat closely misses you. The bat misses you.
The gnoll hits you with a +0 club.
* * * LOW HITPOINT WARNING * * *
The gnoll hits you with a +0 flail.
* * * LOW HITPOINT WARNING * * *
You scratch the gnoll.
The gnoll is moderately wounded.
The bat hits you.
* * * LOW HITPOINT WARNING * * *
The gnoll barely misses you. The bat hits you but does no damage.
You scratch the gnoll but do no damage.
The gnoll is moderately wounded.
The gnoll hits you with a +0 flail.
* * * LOW HITPOINT WARNING * * *
The bat barely misses you. The gnoll hits you with a +0 club!
You die...

... .... .... .....
.(.#######++## .. ...##.......
... #.##..[.. ###...######
###g.#..♣ #
#..........###g@).'..# .+
##..........#..b##.').# ..+
.#............######..♣##♣..#
.............## #........#
.#..........########........#
..............)))..####g'####
....)........#######.g........#
............## #.gg.......#
............# ............#


You could see 2 gnolls and a bat.

Vanquished Creatures
  2 orc wizards (D:3)
  Robin (D:3)
  A gnoll (D:3)
  4 adders
  3 worms
  A dart slug (D:1)
  3 orcs (D:3)
  5 bats
  5 endoplasms
  2 giant cockroaches (D:2)
  23 goblins
  12 hobgoblins
  2 quokkas
  4 ball pythons (D:1)
  2 frilled lizards
  6 kobolds
  12 rats
88 creatures vanquished.

Notes
Turn   | Place    | Note
-------+----------+-------------------------------------------
     0 | D:1      | pkoi the Troll Monk began the quest for the Orb.
     0 | D:1      | Reached XP level 1. HP: 22/22 MP: 0/0
   153 | D:1      | Reached XP level 2. HP: 29/29 MP: 1/1
   293 | D:1      | Reached skill level 4 in Unarmed Combat
   460 | D:1      | Reached XP level 3. HP: 34/36 MP: 2/2
   640 | D:2      | Upgraded the game from 0.27.1 to 0.27.1-1-g398f81649c
   934 | D:2      | Found a faded altar of an unknown god.
  1169 | D:2      | Reached XP level 4. HP: 39/44 MP: 3/3
  1175 | D:2      | Reached skill level 5 in Unarmed Combat
  1249 | D:3      | Noticed Robin
  1283 | D:3      | Killed Robin
  1353 | D:3      | Reached XP level 5. HP: 48/50 MP: 4/4
  1366 | D:3      | Reached skill level 6 in Unarmed Combat
  1414 | D:3      | Slain by a gnoll

Illustrated notes

Levels and vault maps discovered:
D:1:      elethiomel_arrival_diamonds, layout_basic
D:2:      cheibrodos_greedy_goblins, layout_rooms,
          shapermc_ecumenical_altar_venn, hex_medium
D:3:      layout_rooms, gup_sewer_entry_pipe, kennysheep_generic_room_6,
          uniq_natasha, uniq_robin

Skill      XL: |  1  2  3  4  5 |
---------------+----------------+-----
Unarmed Combat | 4 5 6 |  6.2
Fighting       | |  2.4
Dodging        | |  2.4
Stealth        | |  1.0

Action                   |  1- 3 |  4- 6 || total
-------------------------+-------+-------++-------
Melee: Unarmed           |   100 |   102 ||   202
       Punch             |     2 |     2 ||     4
  Use: Scroll            |       |     2 ||     2
 Stab: Sleeping          |     6 |     1 ||     7
Armor: Robe              |    25 |    29 ||    54
Dodge: Dodged            |    54 |    61 ||   115
